 Dungeon Crawl Stone Soup version 0.28-a0-8-g6e044cf (webtiles) character file.

Game seed: 6541827586660414393

165 MrTaco21 the Cudgeller (level 5, -8/41 HPs)
             Began as a Demonspawn Berserker on July 23, 2021.
             Was a Believer of Trog.
             Mangled by an iguana (11 damage)
             ... on level 3 of the Dungeon.
             The game lasted 00:04:56 (4050 turns).

MrTaco21 the Cudgeller (Demonspawn Berserker)       Turns: 4050, Time: 00:04:57

Health: -8/41      AC:  8    Str: 18    XL:     5   Next: 22%
Magic:  5/5        EV: 11    Int:  8    God:    Trog [**....]
Gold:   158        SH:  0    Dex: 13    Spells: 4/4 levels left

rFire   . . .      SeeInvis .   a - +0 mace
rCold   . . .      Faith    .   (no shield)
rNeg    . . .      Spirit   .   f - +0 scale mail
rPois   .          Reflect  .   n - +0 helmet
rElec   .          Harm     .   (no cloak)
rCorr   .          Rampage  .   (no gloves)
Will    .....                   j - +0 pair of boots
Stlth   +.........              (no amulet)
HPRegen 0.13/turn               (no ring)
MPRegen 0.09/turn               (no ring)

@: no status effects
A: hooves 1, sturdy frame 2
a: Renounce Religion, Berserk, Trog's Hand


You were on level 3 of the Dungeon.
You worshipped Trog.
Trog was pleased with you.
You visited 1 branch of the dungeon, and saw 4 of its levels.

You collected 158 gold pieces.

Inventory:

Hand Weapons
 a - a +0 mace (weapon)
Missiles
 s - 8 poisoned darts (quivered)
Armour
 f - a +0 scale mail (worn)
   (You found it on level 1 of the Dungeon)
 j - a +0 pair of boots (worn)
   (You found it on level 2 of the Dungeon)
 n - a +0 helmet (worn)
   (You found it on level 2 of the Dungeon)
Scrolls
 b - a scroll of fog {unknown}
 c - a scroll of noise {unknown}
 d - a scroll of enchant weapon {unknown}
 g - 2 scrolls of magic mapping {unknown}
 l - a scroll of teleportation {unknown}
 m - a scroll of enchant armour {unknown}
 o - a scroll of fear {unknown}
 p - a scroll of identify {unknown}
Potions
 e - 3 potions of might {unknown}
 h - a potion of heal wounds {unknown}
 i - a potion of magic {unknown}
 k - 2 potions of curing {unknown}
 q - a potion of degeneration {unknown}
 r - a potion of lignification {unknown}


   Skills:
 - Level 3.0 Fighting
 + Level 5.4 Maces & Flails
 - Level 1.7 Armour
 - Level 1.7 Dodging


You had 4 spell levels left.
You didn't know any spells.
Your spell library contained the following spells:

 Spells                   Type           Power      Damage    Failure   Level
 Apportation              Tloc           0%         N/A       54%         1
 Blink                    Tloc           N/A        N/A       69%         2
 Inner Flame              Hex/Fire       0%         N/A       89%         3
 Lesser Beckoning         Tloc           0%         N/A       89%         3
 Cause Fear               Hex            0%         N/A       100%        4
 Alistair's Intoxication  Tmut/Pois      0%         N/A       100%        5
 Manifold Assault         Tloc           0%         N/A       100%        5
 Invisibility             Hex            0%         N/A       100%        6
 Discord                  Hex            0%         N/A       100%        8


Dungeon Overview and Level Annotations

Branches:
Dungeon (4/15)
 Temple: D:4-7

Altars:
Yredelemnul

Shops:
D:1 (?!

Annotations:
D:3 3 runed translucent doors, edsrzf's ghost, amateur OgGl


Innate Abilities, Weirdness & Mutations

You have large cloven feet.
Your movements are less encumbered by armour. (ER -4)


Message History

No target in view!
No target in view!
No target in view!
No target in view!
An orc comes into view. It is wielding a +0 flail.
The orc shouts!
You hear a shout!
You hear an angry hiss.
You hear a shout! x2
An orc is nearby!
An iguana comes into view.
The iguana hisses angrily.
The orc closely misses you.
A goblin comes into view. It is wielding a +0 dagger.
You thump the orc!
You kill the orc!
Trog accepts your kill.
An orc comes into view.
It is wielding a +0 trident and wearing a +1 ring mail of cold resistance.
Things that are here:
a +0 flail; a +0 leather armour The goblin barely misses you.
An orc comes into view. It is wielding a +0 short sword.
You closely miss the iguana. The iguana misses you.
The goblin hits you with a +0 dagger. The orc barely misses you.
The iguana misses you.
You hit the iguana. The goblin hits you but does no damage.
The orc hits you from afar with a +0 trident!
The iguana bites you!
You completely miss the iguana. The goblin hits you but does no damage.
The orc closely misses you. The iguana closely misses you.
You closely miss the iguana. The goblin hits you but does no damage.
The orc hits you from afar with a +0 trident.
* * * LOW HITPOINT WARNING * * *
The iguana bites you.
* * * LOW HITPOINT WARNING * * *
The goblin hits you but does no damage.
A hobgoblin comes into view.
The hobgoblin shouts!
There are monsters nearby!
The iguana bites you.
* * * LOW HITPOINT WARNING * * *
The iguana barely misses you.
There is a stone staircase leading up here.
The iguana bites you.
* * * LOW HITPOINT WARNING * * *
You climb upwards.
Level annotation: 3 runed translucent doors, edsrzf's ghost, amateur OgGl
There is a stone staircase leading down here.
You closely miss the iguana. The iguana barely misses you.
You hit the iguana. The iguana bites you!
* * * LOW HITPOINT WARNING * * *
You closely miss the iguana. The iguana bites you!
You die...

....##'## #.##.##.#####.#.....#
.#..##.# ###.##.##.# #.#.....#
.#.###.# #.........# #.......#
....##.# #####.#.#### #....)...
##..##.# #..........# #<.......
.......# #..........# #........
##..######..........# #........
...............l....#####........
#'##............@................
#.##.........###########.........
..##.............# #.........
####..#######....# ###.........
Wg##..# #....# #...........
.$###########....# #...........
.$# #............# #......#####
### #............# ###.#### ..#
#............# #.#


You could see an iguana.

Vanquished Creatures
  A hound (D:4)
  A scorpion zombie (D:3)
  A hound zombie (D:3)
  2 adders
  An adder skeleton (D:4)
  A worm (D:3)
  4 dart slugs
  An orc (D:4)
  2 bats
  8 endoplasms
  A giant cockroach (D:1)
  2 goblins
  7 hobgoblins
  9 jackals
  3 quokkas
  3 ball pythons
  4 frilled lizards
  6 kobolds
  6 rats
63 creatures vanquished.

Notes
Turn   | Place    | Note
-------+----------+-------------------------------------------
     0 | D:1      | MrTaco21 the Demonspawn Berserker began the quest for the
                  | Orb.
     0 | D:1      | Reached XP level 1. HP: 18/18 MP: 1/1
    41 | D:1      | Found Caumakom's Antique Weapon Boutique.
    60 | D:1      | Reached skill level 3 in Maces & Flails
   216 | D:1      | Gained mutation: Your movements are slightly less
                  | encumbered by armour. (ER -2) [demonic ancestry]
   216 | D:1      | Reached XP level 2. HP: 5/24 MP: 2/2
   592 | D:1      | Found Zoll's Magic Scroll Boutique.
   673 | D:1      | Found Ykharef's Distillery.
  1389 | D:2      | Reached XP level 3. HP: 29/29 MP: 3/3
  1548 | D:2      | Reached skill level 4 in Maces & Flails
  1626 | D:2      | Reached ** piety under Trog
  1643 | D:2      | Found a faded altar of an unknown god.
  2836 | D:3      | Gained mutation: Your movements are less encumbered by
                  | armour. (ER -4) [demonic ancestry]
  2836 | D:3      | Reached XP level 4. HP: 26/35 MP: 4/4
  3054 | D:3      | Found a runed translucent gate.
  3054 | D:3      | Found a runed translucent gate.
  3054 | D:3      | Found a runed translucent gate.
  3054 | D:3      | Noticed edsrzf's ghost (amateur OgGl)
  3078 | D:3      | Reached skill level 5 in Maces & Flails
  3211 | D:3      | Found a basalt altar of Yredelemnul.
  3943 | D:4      | Gained mutation: You have large cloven feet. [demonic
                  | ancestry]
  3943 | D:4      | Reached XP level 5. HP: 36/41 MP: 5/5
  4050 | D:3      | Mangled by an iguana

Illustrated notes

Levels and vault maps discovered:
D:1:      saegor_arrival_simple_e, layout_basic, serial_shops,
          nicolae_square_shop, nicolae_diamond_shop, shop, minmay_misc_feat_iff,
          minmay_tripent
D:2:      layout_basic, serial_rivers, chequers_serial_rivers_small_3,
          chequers_serial_rivers_micro_b, chequers_serial_rivers_small_a,
          chequers_serial_rivers_micro_b, chequers_serial_rivers_room_a,
          shapermc_ecumenical_altar_hornbeckon
D:3:      layout_basic, nicolae_yredelemnul_ghost_church
D:4:      layout_basic, mainiacjoe_overflow_concentric_impassable,
          mainiacjoe_overflow_alcove_2, minmay_temple_entry_hall, uniq_edmund

Skill      XL: |  1  2  3  4 |
---------------+-------------+-----
Maces & Flails | 3 4 5 |  5.4
Fighting       | |  3.0
Armour         | |  1.7
Dodging        | |  1.7

Action                   |  1- 3 |  4- 6 || total
-------------------------+-------+-------++-------
Melee: Mace              |   140 |    65 ||   205
Throw: Dart              |       |     2 ||     2
Armor: Animal skin       |     2 |       ||     2
       Scale mail        |    51 |    24 ||    75
Dodge: Dodged            |    88 |    43 ||   131

Table legend: (Time is in decaauts)
 A = Elapsed time spent in this place.
 B = Non-inter-level travel time spent in this place.
 C = Inter-level travel time spent in this place.
 D = Time resting spent in this place.
 E = Time spent auto-exploring this place.
 F = Levels seen in this place.
 G = Mean time per level.
                   A        B        C        D        E       F      G
               +--------+--------+--------+--------+--------+-----+--------+
         Total |   4099 |   3734 |    365 |    479 |   2734 |   4 | 1024.8 |
       Dungeon |   4099 |   3734 |    365 |    479 |   2734 |   4 | 1024.8 |
               +--------+--------+--------+--------+--------+-----+--------+

Top non-repeatable levels by time:
     D:2: 1475 daAuts
     D:1: 1372 daAuts
     D:3: 1121 daAuts
     D:4: 130 daAuts
